 Dungeon Crawl Stone Soup version 0.28.0 (webtiles) character file.

Game seed: 4932683187136998900

179 enile the Skirmisher (level 5, -6/44 HPs)
             Began as a Barachi Warper on Feb 19, 2022.
             Killed from afar by Sigmund (10 damage)
             ... with a puff of flame
             ... on level 3 of the Dungeon.
             The game lasted 00:10:43 (5055 turns).

enile the Skirmisher (Barachi Warper)               Turns: 5055, Time: 00:10:44

Health: -6/44      AC:  4    Str: 15    XL:     5   Next: 59%
Magic:  8/8        EV: 12    Int: 13    God:
Gold:   167        SH:  0    Dex: 11    Spells: 6/8 levels left

rFire   . . .      SeeInvis .   a - +0 falchion
rCold   . . .      Faith    .   (no shield)
rNeg    . . .      Spirit   .   b - +0 leather armour
rPois   .          Reflect  +   (no helmet)
rElec   .          Harm     .   (no cloak)
rCorr   .          Rampage  .   (no gloves)
Will    .....                   m - +0 pair of boots {Fly}
Stlth   +.........              o - amulet of reflection
HPRegen 0.14/turn               (no ring)
MPRegen 0.11/turn               (no ring)

@: confused, flying, slow
A: amphibious, slowness 1, strong legs 1, +LOS
a: Hop


You were on level 3 of the Dungeon.
You visited 1 branch of the dungeon, and saw 4 of its levels.

You collected 167 gold pieces.

Inventory:

Hand Weapons
 a - a +0 falchion (weapon)
 j - a +0 whip of freezing
 l - a +0 dagger of venom
Armour
 b - a +0 leather armour (worn)
 m - a +0 pair of boots of flying (worn)
Jewellery
 e - an amulet of the acrobat
 o - an amulet of reflection (around neck)
Scrolls
 c - a scroll of blinking
 f - a scroll of fear {unknown}
 g - a scroll of summoning {unknown}
 h - 3 scrolls of fog {unknown}
 i - 2 scrolls of magic mapping {unknown}
 p - 2 scrolls of identify {unknown}
Potions
 n - a potion of resistance


   Skills:
 - Level 5.0 Fighting
 + Level 3.3 Long Blades
 - Level 1.0 Throwing
 - Level 3.0 Armour
 - Level 3.0 Dodging
 - Level 1.0 Stealth
 - Level 2.1 Spellcasting
 - Level 3.2 Translocations


You had 6 spell levels left.
You knew the following spells:

 Your Spells              Type           Power      Damage    Failure   Level
a - Blink                 Tloc           18%        N/A       12%         2

Your spell library contained the following spells:

 Spells                   Type           Power      Damage    Failure   Level
 Gell's Gravitas          Tloc           9%         N/A       24%         3
 Lesser Beckoning         Tloc           9%         N/A       24%         3
 Teleport Other           Tloc           9%         N/A       24%         3
 Manifold Assault         Tloc           9%         N/A       91%         5


Dungeon Overview and Level Annotations

Branches:
Dungeon (4/15)
 Temple: D:4-7

Altars:

Annotations:
D:3 Sigmund


Innate Abilities, Weirdness & Mutations

You are amphibious.
You cover ground slowly.
You can hop short distances.
You have an extended range of vision and can be seen from far away.


Message History

Sigmund is nearby!
Throw: 3 darts (poison)
Press: ? - help, Q - select action, (/) - cycle Shift-Dir - straight line, f/p - Sigmund
Aim: Sigmund, wielding a +0 scythe and wearing a +0 robe (severely wounded, wandering, hasn't noticed you, 53% to hit)
You throw a poisoned dart. The poisoned dart hits Sigmund.
Sigmund is poisoned.
Sigmund shouts!
Sigmund is severely wounded.
Throw: 2 darts (poison)
Press: ? - help, Q - select action, (/) - cycle Shift-Dir - straight line, f/p - Sigmund
Aim: Sigmund, wielding a +0 scythe and wearing a +0 robe (severely wounded, poisoned, 53% to hit)
You throw a poisoned dart. The poisoned dart hits Sigmund.
Sigmund looks even sicker.
Sigmund is severely wounded.
Sigmund points at you and mumbles some strange words.
The puff of flame hits you.
Throw: dart (poison)
Press: ? - help, Q - select action, (/) - cycle Shift-Dir - straight line, f/p - Sigmund
Aim: Sigmund, wielding a +0 scythe and wearing a +0 robe (severely wounded, very poisoned, 53% to hit)
You throw a poisoned dart. The poisoned dart hits Sigmund.
Sigmund looks even sicker.
Sigmund is severely wounded.
Sigmund gestures at you while chanting.
You are confused.
Sigmund gestures at you while chanting. The puff of flame hits you!
Sigmund casts a spell.
Sigmund flickers and vanishes!
Deactivating autopickup; reactivate with Ctrl-A.
You are more confused.
A magic dart appears from out of thin air!
The magic dart hits you!
A puff of flame appears from out of thin air!
The puff of flame hits you!
* * * LOW HITPOINT WARNING * * *
A magic dart appears from out of thin air!
The magic dart hits you!
* * * LOW HITPOINT WARNING * * *
A puff of flame appears from out of thin air!
The puff of flame hits you!
You die...

....... ....( .......######
...... ............## ......
...... ...#..###...... #.#
.......##............. #.#
.).....#.............# #.#
.....................### #.#
.....................!...# #.#
..........@..............# #.#
.........................# ##.#
####.....................#
...#######.....................#
#............##......{.........#
#......#..##.######.#..........#
..#)##....##.# #...##(......#
..#.####...#.## ##..##(##.##
....#####.....## #..##....##


There were no monsters in sight!

Vanquished Creatures
  A scorpion (D:3)
  An orc wizard (D:2)
  3 adders
  A worm (D:2)
  5 orcs
  8 ball pythons
  2 endoplasms
  2 giant cockroaches (D:1)
  6 goblins
  A hobgoblin (D:1)
  2 jackals (D:1)
  6 quokkas
  3 bats
  6 frilled lizards
  7 kobolds
  4 rats
58 creatures vanquished.

Notes
Turn   | Place    | Note
-------+----------+-------------------------------------------
     0 | D:1      | enile the Barachi Warper began the quest for the Orb.
     0 | D:1      | Reached XP level 1. HP: 17/17 MP: 3/3
   222 | D:1      | Reached skill level 3 in Fighting
   235 | D:1      | Reached XP level 2. HP: 21/24 MP: 5/5
   238 | D:1      | Reached skill level 1 in Stealth
   712 | D:1      | Reached XP level 3. HP: 30/30 MP: 6/6
   936 | D:2      | Reached skill level 4 in Fighting
  1526 | D:1      | Learned a level 2 spell: Blink
  2079 | D:2      | Reached XP level 4. HP: 37/37 MP: 7/7
  2219 | D:3      | Noticed Sigmund
  4350 | D:3      | Reached skill level 5 in Fighting
  4396 | D:3      | Reached XP level 5. HP: 39/44 MP: 8/8
  4452 | D:4      | Noticed a phantom
  5055 | D:3      | Killed from afar by Sigmund

Illustrated notes

Levels and vault maps discovered:
D:1:      evilmike_arrival_fibonacci_small, layout_basic
D:2:      layout_rooms
D:3:      layout_rooms, uniq_sigmund
D:4:      layout_loops_ring, minmay_temple_entry_waves, uniq_menkaure

Skill      XL: |  1  2  3  4  5 |
---------------+----------------+-----
Fighting       | 3 4 5 |  5.0
Stealth        | 1 |  1.0
Dodging        | 3 |  3.0
Long Blades    | 3 |  3.3
Armour         | 3 |  3.0
Throwing       | |  1.0
Spellcasting   | |  2.1
Translocations | |  3.2

Action                   |  1- 3 |  4- 6 || total
-------------------------+-------+-------++-------
Melee: Falchion          |   112 |    91 ||   203
       Punch             |     2 |       ||     2
Throw: Boomerang         |    19 |     1 ||    20
       Dart              |       |    28 ||    28
 Cast: Blink             |       |     2 ||     2
 Abil: Hop               |     1 |     6 ||     7
  Use: Potion            |       |     1 ||     1
       Scroll            |       |     2 ||     2
 Stab: Sleeping          |     2 |       ||     2
Armor: Leather armour    |    30 |    33 ||    63
Dodge: Dodged            |   104 |    85 ||   189
Block: Other             |       |    21 ||    21
       Reflection        |       |     1 ||     1
